 Dungeon Crawl Stone Soup version 0.21-a0-41-g5e91fef (webtiles) character file.

43870 Multipenetrator the Eclecticist (level 13, -1/70 HPs)
             Began as a Deep Elf Fire Elementalist on June 1, 2017.
             Was a High Priest of Sif Muna.
             Slain by a red ugly thing (11 damage)
             ... in a volcano on June 4, 2017.
             The game lasted 02:56:55 (17504 turns).

Multipenetrator the Eclecticist (DEFE)             Turns: 17504, Time: 02:56:56

Health: -1/70      AC:  6    Str:  5    XL:     13   Next: 93%
Magic:  30/44      EV: 15    Int: 32    God:    Sif Muna [*****.]
Gold:   1101       SH:  0    Dex: 18    Spells: 6/42 levels left

rFire    + . .     SeeInvis .   b - staff of energy
rCold    . . .     Gourm    .   (no shield)
rNeg     . . .     Faith    .   t - +2 robe {Archmagi}
rPois    .         Spirit   .   B - +3 hat of Pondering {ponderous, MR+ MP+10 Int+5}
rElec    +         Reflect  .   l - +0 cloak
rCorr    .         Harm     .   (no gloves)
MR       ++...                  (no boots)
Stlth    +++.......             (no amulet)
Regen    0.3/turn               m - ring of protection from fire
MPRegen  0.3/turn               G - ring "Niet" {*Contam +Inv rElec AC-2 Int+4} (curse)

@: flying, divine energy, slow
A: no striking features
a: Stop Divine Energy, Channel Magic, Forget Spell, Renounce Religion, Evoke
Invisibility


You were in a volcano.
You worshipped Sif Muna.
Sif Muna was extremely pleased with you.
You were not hungry.

You visited 2 branches of the dungeon, and saw 13 of its levels.
You also visited: Bailey and Volcano.

You collected 1101 gold pieces.

Inventory:

Hand Weapons
 a - the +8 quarterstaff "Heuryc" {freeze, *Corrode Int+2 Dex+6}
   (You took it off a centaur on level 9 of the Dungeon)

   It has been specially enchanted to freeze those struck by it, causing extra
   injury to most foes and up to half again as much damage against particularly
   susceptible opponents.
   It can also slow down cold-blooded creatures.
   It affects your intelligence (+2).
   It affects your dexterity (+6).
   It may corrode you when you take damage.
 y - a +1 quick blade of flaming
Missiles
 O - 4 throwing nets (quivered)
Armour
 l - a +0 cloak (worn)
 o - a +2 robe of fire resistance
 t - a +2 robe of the Archmagi (worn)
 B - the +3 hat of Pondering (worn) {ponderous, MR+ MP+10 Int+5}
   (You took it off Gastronok on level 2 of the Lair of Beasts)

   It affects your intelligence (+5).
   It affects your resistance to hostile enchantments.
   It affects your magic capacity (+10).
 K - a scarf of cloud immunity
 X - a +1 helmet of see invisible
Magical Staves
 b - an uncursed staff of energy (weapon)
Jewellery
 m - a ring of protection from fire (left hand)
 D - an uncursed ring of magical power
 G - the cursed ring "Niet" (right hand) {*Contam +Inv rElec AC-2 Int+4}
   (You took it off an orc warrior in a bailey)

   [ring of protection]

   It affects your AC (-2).
   It affects your intelligence (+4).
   It insulates you from electricity.
   It lets you turn invisible.
   It causes magical contamination when unequipped.
   It has a curse placed upon it.
Wands
 p - a wand of iceblast (8/15)
 q - a wand of clouds (5/9)
 r - a wand of confusion (39/48)
 H - a wand of iceblast (1/15)
 Q - a wand of acid (6/15)
 R - a wand of iceblast (9/15)
 U - a wand of iceblast (5/15)
 W - a wand of acid (3/15)
Scrolls
 i - 5 scrolls of teleportation
 k - 2 scrolls of identify
 n - 3 scrolls of fog
 u - 2 scrolls of amnesia
 v - 4 scrolls of enchant weapon
 A - 2 scrolls of magic mapping
 L - a scroll of silence
 M - a scroll of enchant armour
 N - 3 scrolls of brand weapon
 P - 4 scrolls of remove curse
Potions
 d - 8 potions of curing
 e - a potion of mutation
 h - 4 potions of might
 j - a potion of ambrosia
 w - 7 potions of agility
 z - 5 potions of berserk rage
 I - a potion of resistance
 J - 2 potions of haste
 S - 3 potions of flight
 V - a potion of brilliance {unknown}
Books
 g - a book of Enchantments

   Spells                             Type                      Level
   a - Cause Fear                     Hexes                        4
   b - Yara's Violent Unravelling     Hexes/Transmutation          5
   c - Silence                        Hexes/Air                    5
   d - Deflect Missiles               Charms/Air                   6
   e - Discord                        Hexes                        8
 s - Sif Muna's Collected Works on Shifting Unholy Arts
   (Sif Muna gifted it to you on level 2 of the Lair of Beasts)

   Spells                             Type                      Level
   a - Ice Form                       Ice/Transmutation            4
   b - Animate Dead                   Necromancy                   4
   c - Cigotuvi's Embrace             Necromancy                   5
   d - Alistair's Intoxication        Transmutation/Poison         5
 x - a book of Conjurations

   Spells                             Type                      Level
   a - Magic Dart                     Conjuration                  1
   b - Searing Ray                    Conjuration                  2
   c - Dazzling Spray                 Conjuration/Hexes            3
   d - Fulminant Prism                Conjuration/Hexes            4
   e - Force Lance                    Conjuration/Translocation    4
   f - Iskenderun's Mystic Blast      Conjuration                  4
 T - Sif Muna's Volume of Blows and Bruises
   (Sif Muna gifted it to you on level 9 of the Dungeon)

   Spells                             Type                      Level
   a - Mephitic Cloud                 Conjuration/Poison/Air       3
   b - Venom Bolt                     Conjuration/Poison           5
   c - Iron Shot                      Conjuration/Earth            6
   d - Orb of Destruction             Conjuration                  7
 Y - a book of Fire

   Spells                             Type                      Level
   a - Ignite Poison                  Fire/Transmutation/Poison    3
   b - Fireball                       Conjuration/Fire             5
   c - Bolt of Fire                   Conjuration/Fire             6
   d - Ring of Flames                 Charms/Fire                  7
   e - Ignition                       Fire                         8
 Z - a book of the Dragon

   Spells                             Type                      Level
   a - Flame Tongue                   Conjuration/Fire             1
   b - Cause Fear                     Hexes                        4
   c - Bolt of Fire                   Conjuration/Fire             6
   d - Dragon Form                    Transmutation                7
   e - Dragon's Call                  Summoning                    9
Comestibles
 c - 12 bread rations
 f - 19 royal jellies
 C - 2 chunks of flesh
 E - 5 meat rations
 F - 24 fruits


   Skills:
 + Level 4.2 Fighting
 + Level 4.5 Dodging
 + Level 5.3 Stealth
 + Level 15.2 Spellcasting
 + Level 10.9 Conjurations
 + Level 4.6 Hexes
 + Level 4.0 Charms
 + Level 13.2 Fire Magic
 + Level 7.1 Invocations
 + Level 9.9 Evocations


You had 6 spell levels left.
You knew the following spells:

 Your Spells              Type           Power        Failure   Level  Hunger
a - Iskenderun's Mystic   Conj           #######.     1%          4    None
b - Conjure Flame         Conj/Fire      ########     1%          3    None
c - Sticky Flame          Conj/Fire      ########     1%          4    None
d - Inner Flame           Hex/Fire       #######.     1%          3    None
e - Orb of Destruction    Conj           #######...   16%         7    None
f - Fireball              Conj/Fire      ########..   1%          5    None
g - Deflect Missiles      Chrm/Air       ######....   75%         6    None
h - Cause Fear            Hex            ######....   2%          4    None


Dungeon Overview and Level Annotations

Branches:
Dungeon (9/15)             Temple (0/1) D:6            Lair (4/6) D:8
  Swamp (0/4) Lair:4       Spider (0/4) Lair:4
    Orc: D:9-12

Altars:
Dithmenos
Fedhas
Kikubaaqudgha
Makhleb
Ru
Sif Muna
Uskayaw
Zin
The Shining One

Annotations:
Lair:4 Kirke, Rupert


Message History

Aim: a red ugly thing You feel a surge of power!
The orb of energy hits the red ugly thing.
The red ugly thing is lightly wounded.
The orb of energy explodes!
The red ugly thing kicks you!
You are engulfed in flames!
You resist.
Casting: Iskenderun's Mystic Blast
Confirm with . or Enter, or press ? or * to list all spells.
Aiming: Iskenderun's Mystic Blast
Press: ? - help, Shift-Dir - straight line, f/p - red ugly thing
Aim: a red ugly thing (lightly wounded)
You feel a surge of power!
The orb of energy misses the red ugly thing.
The red ugly thing kicks you!
You are engulfed in flames.
You resist.
* * * LOW HITPOINT WARNING * * *
You feel very buoyant.
You fly up into the air.
The red ugly thing kicks you!
* * * LOW HITPOINT WARNING * * *
You are engulfed in flames!
You resist.
You die...

# #### ##≈ ##§≈## ##.≈
#§≈§≈## #.≈§ #§≈§§.#
##≈≈§ ##≈≈...## #..§≈
#≈≈≈....# #..≈
#≈≈.∩u.# #).∩ #≈≈@##
##.. ####.# #..§ ##.##
##.≈ #.####### ####
##.≈
#...##..###..###.##
#.........§...#.##
##...≈≈≈≈≈≈....†###
##...≈≈≈≈≈≈≈§≈≈....##
##....≈≈≈≈≈≈≈≈≈≈.....#


You could see a red ugly thing.

Vanquished Creatures
  Gastronok (Lair:2)
  An orc warlord (Bailey)
  Erica (D:8)
  3 two-headed ogres
  Urug (Lair:2)
  6 death yaks (Lair:2)
  Pikel (D:4)
  3 ugly things (Volcano)
  An orc sorcerer (Volcano)
  An orc knight (Bailey)
  Psyche (D:9)
  A smoke demon (Volcano)
  9 spiny frogs
  4 komodo dragons
  A red devil (Volcano)
  A merfolk (D:9)
  A queen bee (Lair:2)
  2 trolls
  A hornet (D:9)
  14 blink frogs
  6 hippogriffs
  Sigmund (D:4)
  A wraith (D:8)
  2 wyverns
  13 yaks
  2 hungry ghosts
  A basilisk (Lair:4)
  3 hogs
  The ghost of yrara the Skirmisher, an amateur DsFi (D:3)
  Edmund (D:4)
  An acid dragon (D:8)
  6 water moccasins
  9 porcupines
  2 hell hounds (D:8)
  A sky beast (D:5)
  2 ice beasts
  2 slaves (D:4)
  8 black bears
  11 orc warriors
  2 necrophages (D:8)
  4 phantoms
  8 ogres
  7 centaurs
  6 crocodiles
  A big kobold (D:9)
  17 bullfrogs
  4 scorpions
  24 killer bees (Lair:2)
  3 wights (D:7)
  6 electric eels
  11 howler monkeys
  A crimson imp (D:8)
  2 bullfrog skeletons
  7 hounds
  6 orc priests
  7 orc wizards
  2 centaur skeletons (D:4)
  5 iguanas
  Ijyb (D:3)
  3 worker ants
  A killer bee zombie (D:8)
  Robin (D:4)
  22 gnolls
  13 adders
  3 shadow imps
  12 white imps (Lair:1)
  An ooze (D:7)
  An adder zombie (D:8)
  3 worms
  3 dart slugs
  8 leopard geckos
  49 orcs
  2 ball pythons
  3 giant cockroaches
  30 goblins
  25 hobgoblins
  12 jackals
  4 quokkas
  11 bats
  A frilled lizard (D:1)
  8 kobolds
  A leopard gecko skeleton (D:6)
  A quokka zombie (D:9)
  10 rats
  A bush (Lair:2)
480 creatures vanquished.

Vanquished Creatures (others)
  A slave (D:4)
  A crimson imp (D:4)
  An adder skeleton (D:4)
  An orc (D:4)
  5 goblins (D:4)
  A jackal (D:4)
  2 plants (Lair:2)
12 creatures vanquished.

Grand Total: 492 creatures vanquished

Notes
Turn   | Place    | Note
-------+----------+-------------------------------------------
     0 | D:1      | Multipenetrator the Deep Elf Fire Elementalist began the quest for the Orb.
     0 | D:1      | Reached XP level 1. HP: 10/10 MP: 6/6
   350 | D:1      | Reached XP level 2. HP: 9/15 MP: 2/8
   834 | D:1      | Reached XP level 3. HP: 19/19 MP: 7/9
   848 | D:1      | Learned a level 3 spell: Conjure Flame
  1654 | D:2      | Found a glowing golden altar of the Shining One.
  1703 | D:2      | Reached skill level 4 in Spellcasting
  1837 | D:2      | Reached XP level 4. HP: 24/24 MP: 10/12
  1843 | D:2      | Learned a level 4 spell: Sticky Flame
  1913 | D:2      | Found a hide-covered altar of Uskayaw.
  1914 | D:2      | Found a blossoming altar of Fedhas.
  2063 | D:2      | You fall through a shaft!
  2063 | D:3      | Found a sacrificial altar of Ru.
  2090 | D:3      | Noticed yrara's ghost (amateur DsFi)
  2657 | D:3      | Noticed Ijyb
  2679 | D:3      | Killed Ijyb
  2771 | D:3      | Reached XP level 5. HP: 15/28 MP: 8/14
  3119 | D:4      | Found a sacrificial altar of Ru.
  3255 | D:4      | Reached skill level 5 in Spellcasting
  3337 | D:3      | Reached skill level 5 in Fire Magic
  3433 | D:3      | Reached XP level 6. HP: 30/32 MP: 4/16
  3686 | D:4      | Learned a level 5 spell: Fireball
  3736 | D:4      | Noticed a slave
  3786 | D:4      | Noticed Edmund
  3793 | D:4      | Killed Edmund
  3793 | D:4      | Reached skill level 6 in Spellcasting
  3854 | D:4      | Noticed Robin
  3873 | D:4      | Noticed Pikel
  3884 | D:4      | Noticed a slave
  3885 | D:4      | Noticed a slave
  4152 | D:3      | Killed yrara's ghost
  4152 | D:3      | Reached skill level 7 in Spellcasting
  4152 | D:3      | Reached XP level 7. HP: 36/36 MP: 6/19
  4411 | D:4      | Killed Pikel
  4411 | D:4      | Reached skill level 8 in Spellcasting
  4411 | D:4      | Reached XP level 8. HP: 28/41 MP: 1/22
  4563 | D:4      | Killed Robin
  4678 | D:4      | Learned a level 3 spell: Inner Flame
  4852 | D:4      | Noticed Sigmund
  4860 | D:4      | Killed Sigmund
  4860 | D:4      | Reached skill level 9 in Spellcasting
  4906 | D:4      | Found a burning altar of Makhleb.
  5246 | D:5      | Entered Level 5 of the Dungeon
  5854 | D:5      | Reached skill level 10 in Spellcasting
  5954 | D:6      | Reached skill level 5 in Conjurations
  6008 | D:6      | Reached XP level 9. HP: 45/45 MP: 23/25
  6157 | D:6      | Found a deep blue altar of Sif Muna.
  6165 | D:6      | Became a worshipper of Sif Muna the Loreminder
  6305 | D:5      | You fall through a shaft for 2 floors!
  6400 | D:7      | Found an ancient bone altar of Kikubaaqudgha.
  6707 | D:5      | Found a glowing silver altar of Zin.
  6849 | D:6      | Reached skill level 11 in Spellcasting
  7010 | D:6      | Reached * piety under Sif Muna
  7010 | D:6      | Reached skill level 1 in Fighting
  7082 | D:6      | Found a staircase to the Ecumenical Temple.
  7410 | D:8      | Found a flagged portal.
  7410 | D:8      | Noticed Erica
  7425 | D:8      | Killed Erica
  7425 | D:8      | Reached skill level 1 in Hexes
  7425 | D:8      | Reached skill level 10 in Fire Magic
  7490 | Bailey   | Entered a bailey
  7810 | Bailey   | Noticed an orc knight
  7817 | Bailey   | Reached ** piety under Sif Muna
  7826 | Bailey   | Killed an orc knight
  7826 | Bailey   | Reached XP level 10. HP: 53/53 MP: 16/27
  7924 | Bailey   | Noticed an orc warlord
  8255 | Bailey   | Killed an orc warlord
  8255 | Bailey   | Reached *** piety under Sif Muna
  8255 | Bailey   | Reached skill level 12 in Spellcasting
  8374 | Bailey   | Got an ancient iron ring
  8453 | D:8      | Found a shadowy altar of Dithmenos.
  8560 | D:8      | Noticed a two-headed ogre
  8565 | D:8      | Killed a two-headed ogre
  9109 | D:7      | Reached XP level 11. HP: 60/60 MP: 29/29
  9276 | D:7      | Reached **** piety under Sif Muna
  9536 | D:8      | Found a staircase to the Lair.
  9684 | D:7      | Upgraded the game from 0.21-a0-39-g28ea6b7 to 0.21-a0-41-g5e91fef
 10094 | D:9      | Identified the cursed ring "Niet" {*Contam +Inv rElec AC-2 Int+4} (You took it off an orc warrior in a bailey)
 10116 | D:9      | Reached XP level 12. HP: 64/64 MP: 30/30
 10846 | D:8      | Reached skill level 13 in Spellcasting
 11220 | D:8      | Got an encrusted giant spiked club
 11227 | D:8      | Identified the +3 giant spiked club of Ru {elec, Str+2} (You found it on level 8 of the Dungeon)
 11258 | D:8      | Learned a level 4 spell: Iskenderun's Mystic Blast
 11267 | D:8      | Learned a level 6 spell: Deflect Missiles
 11373 | Lair:1   | Entered Level 1 of the Lair of Beasts
 11379 | Lair:1   | Reached skill level 1 in Charms
 11731 | D:9      | Noticed Psyche
 11732 | D:9      | Killed Psyche
 12409 | D:9      | Noticed a two-headed ogre
 12411 | D:9      | Killed a two-headed ogre
 12426 | D:9      | Reached skill level 5 in Stealth
 12746 | D:9      | Got an uncursed bloodstained quarterstaff {freeze}
 12747 | D:9      | Identified the +8 quarterstaff "Heuryc" {freeze, *Corrode Int+2 Dex+6} (You took it off a centaur on level 9 of the Dungeon)
 12816 | D:9      | Reached ***** piety under Sif Muna
 12816 | D:9      | Identified Sif Muna's Volume of Blows and Bruises (Sif Muna gifted it to you on level 9 of the Dungeon)
 12816 | D:9      | Received a gift from Sif Muna
 13243 | Lair:1   | Noticed a two-headed ogre
 13252 | Lair:1   | Killed a two-headed ogre
 13633 | Lair:1   | Reached skill level 14 in Spellcasting
 13633 | Lair:1   | Reached XP level 13. HP: 70/70 MP: 9/33
 14364 | Lair:1   | Reached skill level 1 in Invocations
 14702 | Lair:2   | Noticed Gastronok
 14901 | Lair:2   | Killed Gastronok
 15262 | Lair:2   | Reached skill level 5 in Invocations
 15496 | Lair:2   | Noticed Urug
 15509 | Lair:2   | Killed Urug
 15864 | Lair:2   | Reached skill level 10 in Conjurations
 15868 | Lair:2   | Received a gift from Sif Muna
 15898 | Lair:2   | Identified Sif Muna's Collected Works on Shifting Unholy Arts (Sif Muna gifted it to you on level 2 of the Lair of Beasts)
 16264 | Lair:2   | Learned a level 7 spell: Orb of Destruction
 16269 | Lair:2   | Learned a level 4 spell: Cause Fear
 16794 | Lair:4   | Noticed Kirke
 16794 | Lair:4   | Noticed Rupert
 16802 | Lair:3   | Reached skill level 15 in Spellcasting
 17275 | Lair:4   | Found a dark tunnel.
 17284 | Volcano  | Entered a volcano
 17504 | Volcano  | Slain by a red ugly thing

Vault maps used:
D:1:      lightli_arrival_farm, minmay_misc_feat_ornament, serial_bayou_ford_a
D:2:      tso_oasis_becter, minitemple, first_bread
D:3:      lemuel_coloured_pillars_altar, kennysheep_another_room,
          eino_tiny_chamber, uniq_ijyb
D:4:      makhleb_heckhound_becter, nicolae_ru_path_of_blood, uniq_sigmund,
          uniq_edmund, uniq_robin, uniq_pikel
D:5:      kennysheep_big_flooded_room, lemuel_round_altar
D:6:      temple_hall, basic_altar
D:7:      old_standard_altar, minmay_misc_feat_pillars, fountainhead,
          kennysheep_doodads, hangedman_abyss_or_decor_jellyfish_corner,
          grunt_decor_resistance, grunt_ogre_cave
D:8:      minmay_the_grid_octo_triangle, nicolae_overflow_crystal_walls,
          minmay_lair_entry_lava, enter_bailey_3, uniq_erica
D:9:      kennysheep_town, uniq_psyche
Lair:1:   portal_ice_cave_entry_imps, beast_lair_carwin_6, grunt_megastairs_3,
          lemuel_fruit_fields
Lair:2:   special_room, grunt_megastairs_5, serial_bayou_shore_a,
          serial_bayou_shore_b, uniq_urug, uniq_gastronok
Lair:3:   special_room
Lair:4:   minmay_swamp_entry_reptiles, spider_nest_entry_rubble,
          enter_volcano_4, pf_torpor_hydra, uniq_josephine, uniq_nessos,
          uniq_kirke, uniq_rupert
Bailey:   bailey_axe_minmay_hex_keep, bailey
Volcano:  volcano_pools

Skill      XL: |  1  2  3  4  5  6  7  8  9 10 11 12 13 |
---------------+----------------------------------------+-----
Fire Magic     | 4 5 7 8 10 11 12 13 | 13.2
Spellcasting   | 4 5 7 8 10 11 12 14 15 | 15.2
Stealth        | 3 4 5 |  5.3
Conjurations   | 2 3 5 6 7 8 9 10 | 10.9
Fighting       | 2 3 4 |  4.2
Hexes          | 2 3 4 |  4.6
Dodging        | 3 4 |  4.5
Evocations     | 9 |  9.9
Charms         | 4 |  4.0
Invocations    | 7 |  7.1

Action                   |  1- 3 |  4- 6 |  7- 9 | 10-12 | 13-15 || total
-------------------------+-------+-------+-------+-------+-------++-------
Melee: Unarmed           |     1 |       |       |       |       ||     1
       Staff             |       |       |       |       |     3 ||     3
 Cast: Flame Tongue      |    66 |   148 |   252 |   248 |       ||   714
       Conjure Flame     |     5 |     7 |    25 |    29 |     3 ||    69
       Sticky Flame      |       |       |    25 |    72 |    25 ||   122
       Inner Flame       |       |       |    12 |     7 |     1 ||    20
       Fireball          |       |       |     4 |    38 |    29 ||    71
       Iskenderun's Myst |       |       |       |    47 |    92 ||   139
       Cause Fear        |       |       |       |       |     3 ||     3
Invok: Divine Energy     |       |       |     1 |       |       ||     1
 Abil: Evoke Invisibilit |       |       |       |     6 |     2 ||     8
Evoke: Wand              |       |       |       |     4 |     1 ||     5
  Use: Scroll            |       |       |    12 |    14 |     6 ||    32
       Potion            |       |       |       |     4 |     2 ||     6
  Eat: Chunk             |     3 |     7 |    13 |    20 |     5 ||    48
       Meat ration       |       |       |       |       |     2 ||     2
Armor: Robe              |     2 |     3 |     1 |     7 |     7 ||    20
Dodge: Dodged            |    18 |    28 |    29 |    56 |    41 ||   172
